AoeStats
← Corsican Pirate

Pilgrims

507859897Analyzed
4v4 RM · 14d ago on Sep 20, 2026· 24m 8s· 8 players
Game mode
Random Map
Map size
Large (8 player)
Population
200
Speed
Normal
Resources
Standard
Victory
Conquest
Starting age
Dark Age
Ending age
Imperial Age
RankedLock teamsTeams togetherTeam positionsShared explorationLock speedFull tech treeHidden civsTurbo modeCheats
Victory
Defeat
🇫🇷 Poles · France
1297
+14
🇺🇸 Vikings · United States
1244
+16
🇦🇷 Berbers · Argentina
1231
+16
🇨🇦 Aztecs · Canada
1214
+17
🇲🇽 Slavs · Mexico
1296
-18
🇲🇽 Vietnamese · Mexico
1275
-17
🇲🇽 Teutons · Mexico
1247
-16
🇧🇷 Khmer · Brazil
1136
-12
elsuum_93
9:14 Loom
11:53 Feudal Age
12:47 Double-Bit Axe
15:40 Castle Age
14:16 Fishing Lines
16:40 Bow Saw
16:42 Gillnets
17:43 Medium Warships
20:12 Horse Collar
24:50 Wheelbarrow
24:01 Town Watch
23:41 Eagle Warrior
PeacefulFarmer
7:44 Loom
11:20 Feudal Age
12:36 Town Watch
16:10 Castle Age
14:17 Double-Bit Axe
15:14 Fletching
15:18 Gold Mining
15:26 Fishing Lines
15:53 Stone Mining
17:18 Bodkin Arrow
18:38 Medium Warships
21:04 Gold Shaft Mining
20:57 Bow Saw
21:22 Horse Collar
Oden
6:27 Loom
10:49 Feudal Age
18:09 Castle Age
16:52 Double-Bit Axe
18:23 Bloodlines
19:09 Husbandry
24:25 Scale Barding Armor
Bydeep
8:28 Loom
11:29 Feudal Age
18:40 Castle Age
18:11 Forging
19:32 Town Watch
19:43 Stone Mining
19:31 Light Cavalry
20:50 Double-Bit Axe
Glamdring
6:11 Loom
11:29 Feudal Age
12:37 Double-Bit Axe
13:55 Gold Mining
15:14 Horse Collar
22:11 Castle Age
22:24 Scale Mail Armor
22:34 Forging
Gúthwinë
6:15 Loom
11:00 Feudal Age
13:49 Double-Bit Axe
19:53 Castle Age
Corsican Pirate
4:11 Loom
14:58 Feudal Age
16:42 Wheelbarrow
19:30 Castle Age
17:18 Double-Bit Axe
18:14 Forging
18:23 Gold Mining
18:17 Horse Collar
18:44 Fishing Lines
19:15 Fishing Lines
20:03 Scale Barding Armor
20:13 Bloodlines
21:20 Gillnets
Luizin
8:40 Loom
13:08 Feudal Age
13:48 Fishing Lines
14:20 Double-Bit Axe
16:13 Wheelbarrow
20:44 Castle Age
18:58 Fletching
19:08 Padded Archer Armor
21:33 Castle Age
21:47 Pikeman
Connection lost

Rejoining the realm…

Still unreachable

The connection could not be restored.

Session expired

The server has moved on; the page needs a fresh start.